 Dungeon Crawl Stone Soup version 0.23.2-40-g277498a001 (webtiles) character file.

Game seed: 13677459377599423275

157 Flortec the Vexing (level 5, -6/34 HPs)
             Began as a Merfolk Arcane Marksman on Sept 23, 2019.
             Was a Follower of Hepliaklqana.
             Mangled by a gnoll
             ... wielding a +0 halberd
              (14 damage)
             ... on level 4 of the Dungeon on Sept 30, 2019.
             The game lasted 00:20:12 (2174 turns).

Flortec the Vexing (Merfolk Arcane Marksman)        Turns: 2174, Time: 00:20:13

Health: -6/34      AC:  3    Str: 10    XL:     5   Next: 38%
Magic:  6/6        EV: 13    Int: 13    God:    Hepliaklqana [*.....]
Gold:   198        SH:  0    Dex: 15    Spells: 5/6 levels left

rFire    + . .     SeeInvis .   a - +0 shortbow
rCold    x . .     Gourm    .   (shield currently unavailable)
rNeg     . . .     Faith    .   i - +0 leather armour
rPois    .         Spirit   .   (no helmet)
rElec    .         Reflect  .   (no cloak)
rCorr    .         Harm     .   (no gloves)
MR       .....                  (no boots)
Stlth    ++........             (no amulet)
HPRegen  0.11/turn              c - ring of fire
MPRegen  0.10/turn              (no ring)

@: no status effects
A: change form in water, swift swim, stealthy swim, reduced essence
a: Recall Ancestor, Ancestor Identity, Renounce Religion


You were on level 4 of the Dungeon.
You worshipped Hepliaklqana.
Hepliaklqana was aware of your devotion.
You were not hungry.

You visited 1 branch of the dungeon, and saw 4 of its levels.

You collected 198 gold pieces.

Inventory:

Hand Weapons
 a - a +0 shortbow (weapon)
Missiles
 d - 25 arrows (quivered)
 p - 43 stones
Armour
 e - a +0 robe
 i - a +0 leather armour (worn)
 k - a cursed +0 ring mail
 u - a +0 scale mail
Jewellery
 c - a ring of fire (left hand)
 o - an uncursed ring of fire
Scrolls
 g - 2 scrolls of remove curse
 h - 3 scrolls of identify
 l - 2 scrolls of magic mapping {unknown}
 q - a scroll of enchant weapon {unknown}
 r - a scroll of blinking {unknown}
 s - a scroll of fear {unknown}
 t - a scroll of teleportation {unknown}
Potions
 b - 2 potions of haste {unknown}
 j - 2 potions of agility {unknown}
 m - a potion of berserk rage {unknown}
 n - a potion of heal wounds {unknown}
 v - a potion of cancellation {unknown}
Comestibles
 f - 2 rations


   Skills:
 + Level 2.0 Fighting
 + Level 3.4 Bows
 + Level 0.6 Armour
 + Level 3.3 Dodging
 + Level 1.0 Stealth
 + Level 1.0 Spellcasting
 + Level 3.4 Hexes


You had 5 spell levels left.
You knew the following spells:

 Your Spells              Type           Power        Failure   Level  Hunger
a - Corona                Hex            #......      10%         1    ##.....

Your spell library contained the following spells:

 Spells                   Type           Power        Failure   Level  Hunger
 Slow                     Hex            #.......     14%         2    ###....
 Inner Flame              Hex/Fire       #.......     50%         3    ####...
 Portal Projectile        Hex/Tloc       #.....       50%         3    ####...
 Cause Fear               Hex            #.........   67%         4    #####..
 Leda's Liquefaction      Hex/Erth       #.........   88%         4    #####..


Dungeon Overview and Level Annotations

Branches:
Dungeon (4/15)
 Temple: D:4-7

Altars:
Fedhas
Hepliaklqana
Okawaru


Message History

Okay, then.
The gnoll hits you!
Firing (i - inventory. (/) - cycle)
d - 27 arrows (quivered)
Press: ? - help, Shift-Dir - straight line, f - gnoll
Aim: a gnoll You shoot an arrow.
The arrow hits the gnoll.
The gnoll is lightly wounded.
The gnoll hits you. The gnoll closely misses you. The gnoll misses you.
The gnoll hits you from afar with a +0 halberd!
* * * LOW HITPOINT WARNING * * *
Firing (i - inventory. (/) - cycle)
d - 26 arrows (quivered)
Press: ? - help, Shift-Dir - straight line, f/p - gnoll
Aim: a gnoll (lightly wounded)
You shoot an arrow. The arrow barely misses the gnoll.
The arrow hits the gnoll.
The gnoll is moderately wounded.
The gnoll barely misses you.
The gnoll hits you from afar with a +0 halberd!
You die...

########.#
#...(....#
#.######## #
#.# # .# #.#
.####. #.#
.... #.#
#.###
#.#####
########....
#..gg@#
#...........
#####.#
#<##.###.###
#.# #.##.#
#.# #.#
#.##.# #.#
#.# #.##.#
#.# #.#
###.##.# #.#
#.###......#
#.#
#.......#..#
#.#
#####.#....#
#.#


You could see 2 gnolls.

Vanquished Creatures
  A gnoll (D:4)
  5 adders
  An adder skeleton (D:4)
  3 leopard geckos
  An orc (D:3)
  A ball python (D:3)
  2 giant cockroaches (D:1)
  6 goblins
  6 hobgoblins
  4 jackals (D:1)
  4 bats
  2 frilled lizards
  2 kobolds
  4 rats
42 creatures vanquished.

Vanquished Creatures (collateral kills)
  A bullfrog zombie (D:3)
  An adder (D:4)
  A dart slug (D:4)
  2 leopard geckos (D:4)
  An orc (D:3)
  A goblin (D:3)
  2 frilled lizards (D:3)
  A kobold (D:3)
10 creatures vanquished.

Vanquished Creatures (others)
  3 ancestors
3 creatures vanquished.

Grand Total: 55 creatures vanquished

Notes
Turn   | Place    | Note
-------+----------+-------------------------------------------
     0 | D:1      | Flortec the Merfolk Arcane Marksman began the quest for the
                  | Orb.
     0 | D:1      | Reached XP level 1. HP: 15/15 MP: 2/2
   101 | D:1      | Reached XP level 2. HP: 14/21 MP: 3/3
   380 | D:1      | Reached XP level 3. HP: 19/26 MP: 4/4
   735 | D:2      | Found a hazy altar of Hepliaklqana.
   746 | D:2      | Became a worshipper of Hepliaklqana the Forgotten
   933 | D:2      | Reached XP level 4. HP: 23/29 MP: 5/5
  1225 | D:3      | Found an iron altar of Okawaru.
  1500 | D:3      | Reached skill level 1 in Stealth
  1741 | D:3      | Found a blossoming altar of Fedhas.
  1908 | D:4      | Reached XP level 5. HP: 34/34 MP: 6/6
  1982 | D:4      | Noticed an ogre
  2077 | D:4      | Reached * piety under Hepliaklqana
  2174 | D:4      | Mangled by a gnoll

Skill      XL: |  1  2  3  4 |
---------------+-------------+-----
Dodging        | 3 |  3.3
Bows           | 2 3 |  3.4
Stealth        | 1 |  1.0
Fighting       | 2 |  2.0
Armour         | |  0.6
Spellcasting   | |  1.0
Hexes          | |  3.4

Action                   |  1- 3 |  4- 6 || total
-------------------------+-------+-------++-------
 Fire: Shortbow          |    91 |    76 ||   167
  Use: Scroll            |     2 |     2 ||     4
  Eat: Ration            |       |     1 ||     1
Armor: Robe              |    16 |       ||    16
       Leather armour    |     2 |     7 ||     9
Dodge: Dodged            |    79 |    34 ||   113
